 Dungeon Crawl Stone Soup version 0.26.1-11-gd32895ea62 (webtiles) character file.

Game seed: 5610353918301824473

4561 Almogavar the Magician (level 10, -2/76 HPs)
             Began as a Gnoll Wanderer on July 11, 2021.
             Was a Priest of Okawaru.
             Slain by an orc warrior
             ... wielding a cursed +0 halberd
              (19 damage)
             ... on level 8 of the Dungeon.
             The game lasted 00:45:34 (11376 turns).

Almogavar the Magician (Gnoll Wanderer)            Turns: 11376, Time: 00:45:35

Health: -2/76      AC:  9    Str: 15    XL:     10   Next: 40%
Magic:  21/21      EV: 14    Int: 18    God:    Okawaru [***...]
Gold:   469        SH:  5    Dex: 14    Spells: 20/23 levels left

rFire    . . .     SeeInvis .   G - +1 flail (protect)
rCold    + . .     Faith    .   c - +0 buckler
rNeg     . . .     Spirit   .   A - +2 leather armour {rC+}
rPois    +         Reflect  .   f - +0 helmet
rElec    .         Harm     .   K - +1 cloak
rCorr    +         Rampage  .   (no gloves)
Will     .....                  (no boots)
Stlth    +++.......             D - amulet of the acrobat
HPRegen  0.22/turn              h - ring of resist corrosion
MPRegen  0.17/turn              C - ring of poison resistance

@: no status effects
A: distributed training, fangs 1, strong nose
a: Renounce Religion, Heroism


You were on level 8 of the Dungeon.
You worshipped Okawaru.
Okawaru was most pleased with you.
You visited 2 branches of the dungeon, and saw 9 of its levels.
You also visited: Sewer and Ossuary.

You collected 469 gold pieces.

Inventory:

Hand Weapons
 u - a +0 hunting sling
 G - a +1 flail of protection (weapon)
Missiles
 d - 22 bolts
 g - 199 stones
 l - 60 sling bullets
 n - 3 throwing nets (quivered)
 B - 9 boomerangs
Armour
 a - a cursed +0 scale mail
 c - a +0 buckler (worn)
 f - a +0 helmet (worn)
 t - a +0 chain mail
 A - a +2 leather armour of cold resistance (worn)
 K - a +1 cloak (worn)
 M - a +2 tower shield
Magical Staves
 I - an uncursed staff of earth
Jewellery
 h - a ring of resist corrosion (left hand)
 C - a ring of poison resistance (right hand)
 D - an amulet of the acrobat (around neck)
 J - an uncursed ring of ice
Wands
 z - a wand of flame (7)
Scrolls
 b - 2 scrolls of fear
 k - 3 scrolls of remove curse
 r - 2 scrolls of amnesia {unknown}
 s - 3 scrolls of fog {unknown}
 x - 2 scrolls of enchant armour {unknown}
 y - 2 scrolls of immolation {unknown}
 E - 6 scrolls of teleportation {unknown}
 H - 2 scrolls of blinking {unknown}
Potions
 e - a potion of might
 i - 2 potions of magic
 j - a potion of brilliance
 o - a potion of invisibility
 q - a potion of haste {unknown}
 v - 3 potions of heal wounds {unknown}
 w - 2 potions of degeneration {unknown}
 F - 5 potions of curing {unknown}
 L - 2 potions of flight {unknown}


   Skills:
 + Level 5.9 Fighting
 + Level 5.2 Short Blades
 + Level 5.2 Long Blades
 + Level 5.2 Axes
 + Level 5.9 Maces & Flails
 + Level 5.2 Polearms
 + Level 5.2 Staves
 + Level 5.2 Slings
 + Level 5.2 Bows
 + Level 5.2 Crossbows
 + Level 5.9 Throwing
 + Level 5.9 Armour
 + Level 5.2 Dodging
 + Level 5.2 Stealth
 + Level 5.9 Shields
 + Level 5.2 Unarmed Combat
 + Level 7.3 Spellcasting
 + Level 4.3 Conjurations
 + Level 4.3 Hexes
 + Level 4.3 Summonings
 + Level 4.3 Necromancy
 + Level 4.3 Translocations
 + Level 4.3 Transmutations
 + Level 4.3 Fire Magic
 + Level 4.3 Ice Magic
 + Level 4.3 Air Magic
 + Level 4.3 Earth Magic
 + Level 7.0 Poison Magic
 + Level 5.7 Invocations
 + Level 5.2 Evocations


You had 20 spell levels left.
You knew the following spells:

 Your Spells              Type           Power        Failure   Level
a - Sting                 Tmut/Pois      100%         1%          1
b - Poisonous Vapours     Pois/Air       54%          1%          2

Your spell library contained the following spells:

 Spells                   Type           Power        Failure   Level
 Animate Skeleton         Necr           44%          1%          1
 Apportation              Tloc           44%          1%          1
 Corona                   Hex            24%          1%          1
 Sandblast                Erth           44%          1%          1
 Summon Small Mammal      Summ           88%          1%          1
 Ignite Poison            Fire/Tmut/Pois 25%          4%          3
 Mephitic Cloud           Conj/Pois/Air  25%          4%          3
 Stone Arrow              Conj/Erth      44%          6%          3
 Olgreb's Toxic Radiance  Pois           32%          7%          4


Dungeon Overview and Level Annotations

Branches:
Dungeon (8/15)             Temple (1/1) D:5           Sewer (visited)
Ossuary (visited)
   Lair: D:8-11

Altars:
Ashenzari
Cheibriados
Elyvilon
Fedhas
Gozag
Hepliaklqana
Kikubaaqudgha
Makhleb
Nemelex Xobeh
Okawaru
Qazlal
Ru
Sif Muna
Trog
Uskayaw
Vehumet
Wu Jian
Xom
Yredelemnul
Zin
The Shining One

Shops:
D:5 }

Annotations:
D:8 Gastronok


Innate Abilities, Weirdness & Mutations

Your experience applies equally to all skills.
You have very sharp teeth.
Your uncanny sense of smell can sniff out nearby items.


Message History

The orc warrior misses you.
You hit the orc warrior.
The orc warrior is almost dead.
The orc warrior hits you with a cursed +0 halberd!
You closely miss the orc warrior.
The orc warrior is almost dead.
The orc warrior hits you with a cursed +0 halberd!
* * * LOW HITPOINT WARNING * * *
You closely miss the orc warrior.
The orc warrior is almost dead.
You closely miss the orc warrior.
The orc warrior is almost dead.
The orc warrior misses you.
Your leather armour prevents you from hitting the orc warrior.
The orc warrior is almost dead.
The orc warrior barely misses you.
You closely miss the orc warrior.
The orc warrior is almost dead.
The orc warrior hits you with a cursed +0 halberd!!
You die...

>.#### .#.# ###...## .
#.)..# ...## ###..##### ..
####.####....#
###.....##.^. ## #.....#.#
# #............ .#
#####.#.#.####
#.##......... .#
#........####.#..........
.#
##...####......#..........
.## #..###
###.##.............
..#####.##
#..@.........[.#..[
#.##....#
#...o.....#.......###
#.##.####
#...#####.....)..># #.#..#
#..# ##........#
#†..########.. ##......##
...........##### #.....##
.....#####.'...# #..###
.....# ##.###'#+# #.#
.....####..#.'...+


You could see an orc warrior.

Vanquished Creatures
  Harold (D:7)
  Prince Ribbit (D:7)
  Eustachio (D:4)
  Menkaure (D:7)
  2 orc warriors
  An ice beast (D:7)
  2 necrophages
  A black bear (D:7)
  A phantom (D:6)
  A sky beast (D:8)
  5 ogres
  A centaur (D:8)
  2 big kobolds
  7 bullfrogs
  4 scorpions
  3 howler monkeys (D:8)
  A centaur zombie (D:7)
  3 orc priests (D:5)
  Crazy Yiuf (D:7)
  6 orc wizards
  3 human skeletons (D:8)
  2 hounds
  2 centaur skeletons
  A gnoll shaman (D:7)
  Ijyb (D:4)
  2 iguanas
  4 worker ants
  A killer bee zombie (D:7)
  A hound zombie (D:6)
  5 mummies
  A worker ant zombie (D:7)
  13 adders
  12 gnolls
  A white imp (D:8)
  2 ufetubi (D:6)
  12 oozes
  An adder zombie (D:8)
  A worm (D:4)
  3 dart slugs
  14 leopard geckos
  31 orcs
  4 bats
  16 giant cockroaches
  7 goblins
  2 hobgoblins
  16 kobolds
  3 quokkas
  4 ball pythons
  17 frilled lizards
  7 gnoll skeletons (Ossuary)
  2 gnoll zombies (Ossuary)
  2 goblin skeletons (Ossuary)
  7 goblin zombies (Ossuary)
  2 hobgoblin skeletons (Ossuary)
  6 hobgoblin zombies (Ossuary)
  4 kobold skeletons (Ossuary)
  2 kobold zombies (Ossuary)
  5 orc skeletons (Ossuary)
  3 orc zombies (Ossuary)
  4 rats
  5 rat skeletons (Ossuary)
  5 rat zombies (Ossuary)
281 creatures vanquished.

Vanquished Creatures (others)
  A fungus (D:7)
  3 withered plants (D:7)
4 creatures vanquished.

Grand Total: 285 creatures vanquished

Notes
Turn   | Place    | Note
-------+----------+-------------------------------------------
     0 | D:1      | Almogavar the Gnoll Wanderer began the quest for the Orb.
     0 | D:1      | Almogavar set off with the following items: a +0 dagger, a
                  | +0 buckler, a +0 robe; and the following spells available
                  | to memorise: Sting, Poisonous Vapours, Sandblast, Olgreb's
                  | Toxic Radiance, Ignite Poison, Mephitic Cloud, Stone Arrow
     0 | D:1      | Reached XP level 1. HP: 17/17 MP: 6/6
     2 | D:1      | Learned a level 1 spell: Sting
   390 | D:1      | Reached XP level 2. HP: 23/23 MP: 5/7
  1059 | D:2      | Reached XP level 3. HP: 17/28 MP: 3/9
  1211 | D:2      | Reached skill level 5 in Spellcasting
  1253 | D:2      | Found a burning altar of Makhleb.
  1527 | D:2      | Reached skill level 1 in Invocations
  1664 | D:2      | Reached skill level 1 in Short Blades
  1664 | D:2      | Reached skill level 1 in Long Blades
  1664 | D:2      | Reached skill level 1 in Axes
  1664 | D:2      | Reached skill level 1 in Polearms
  1664 | D:2      | Reached skill level 1 in Staves
  1664 | D:2      | Reached skill level 1 in Slings
  1664 | D:2      | Reached skill level 1 in Bows
  1664 | D:2      | Reached skill level 1 in Crossbows
  1664 | D:2      | Reached skill level 1 in Dodging
  1664 | D:2      | Reached skill level 1 in Stealth
  1664 | D:2      | Reached skill level 1 in Unarmed Combat
  1664 | D:2      | Reached skill level 1 in Evocations
  1686 | D:2      | Reached XP level 4. HP: 27/34 MP: 2/11
  2371 | D:3      | Reached skill level 1 in Conjurations
  2371 | D:3      | Reached skill level 1 in Hexes
  2371 | D:3      | Reached skill level 1 in Summonings
  2371 | D:3      | Reached skill level 1 in Necromancy
  2371 | D:3      | Reached skill level 1 in Translocations
  2371 | D:3      | Reached skill level 1 in Transmutations
  2371 | D:3      | Reached skill level 1 in Fire Magic
  2371 | D:3      | Reached skill level 1 in Ice Magic
  2371 | D:3      | Reached skill level 1 in Air Magic
  2371 | D:3      | Reached skill level 1 in Earth Magic
  2459 | D:3      | Learned a level 2 spell: Poisonous Vapours
  2525 | D:3      | Reached XP level 5. HP: 30/40 MP: 6/12
  3060 | D:3      | Found a stormy altar of Qazlal.
  3060 | D:3      | Found a sparkling altar of Nemelex Xobeh.
  3275 | D:4      | Noticed Ijyb
  3278 | D:4      | Noticed Eustachio
  3284 | D:4      | Killed Ijyb
  3296 | D:4      | Killed Eustachio
  3297 | D:4      | Reached XP level 6. HP: 33/47 MP: 0/14
  3914 | D:4      | Found a sacrificial altar of Ru.
  4098 | D:4      | Reached XP level 7. HP: 52/52 MP: 8/15
  4209 | D:4      | Found a basalt altar of Yredelemnul.
  4554 | D:5      | Entered Level 5 of the Dungeon
  5102 | D:5      | Found a staircase to the Ecumenical Temple.
  5141 | Temple   | Entered the Ecumenical Temple
  5199 | Temple   | Became a worshipper of Warmaster Okawaru
  5570 | D:5      | Found Yshregacu's Gadget Boutique.
  5877 | D:5      | Reached XP level 8. HP: 29/60 MP: 10/16
  6353 | D:5      | Found a white marble altar of Elyvilon.
  6455 | D:6      | Found a glowing drain.
  6520 | Sewer    | Entered a sewer
  6899 | Sewer    | Reached * piety under Okawaru
  7316 | D:6      | Found an ancient bone altar of Kikubaaqudgha.
  7488 | D:6      | Found an opulent altar of Gozag.
  7508 | D:6      | Reached XP level 9. HP: 66/66 MP: 12/18
  7509 | D:6      | Found a glowing golden altar of the Shining One.
  7797 | D:6      | Reached ** piety under Okawaru
  8323 | D:7      | Noticed Prince Ribbit
  8329 | D:7      | Killed Prince Ribbit
  8330 | D:7      | Reached skill level 5 in Fighting
  8330 | D:7      | Reached skill level 5 in Maces & Flails
  8330 | D:7      | Reached skill level 5 in Throwing
  8330 | D:7      | Reached skill level 5 in Armour
  8330 | D:7      | Reached skill level 5 in Shields
  8656 | D:7      | Identified the cursed +1 robe of Jeumnaac {Int+6}
  8979 | D:7      | Noticed Harold
  9083 | D:7      | Reached *** piety under Okawaru
  9084 | D:7      | Reached skill level 5 in Invocations
  9285 | D:7      | Killed Harold
  9286 | D:7      | Reached XP level 10. HP: 76/76 MP: 16/20
  9297 | D:7      | Reached skill level 5 in Short Blades
  9297 | D:7      | Reached skill level 5 in Long Blades
  9297 | D:7      | Reached skill level 5 in Axes
  9297 | D:7      | Reached skill level 5 in Polearms
  9297 | D:7      | Reached skill level 5 in Staves
  9297 | D:7      | Reached skill level 5 in Slings
  9297 | D:7      | Reached skill level 5 in Bows
  9297 | D:7      | Reached skill level 5 in Crossbows
  9297 | D:7      | Reached skill level 5 in Dodging
  9297 | D:7      | Reached skill level 5 in Stealth
  9297 | D:7      | Reached skill level 5 in Unarmed Combat
  9297 | D:7      | Reached skill level 5 in Evocations
  9472 | D:7      | Noticed Menkaure
  9489 | D:7      | Killed Menkaure
 10065 | D:7      | Found a runed translucent door.
 10066 | D:7      | Noticed Crazy Yiuf
 10190 | D:7      | Killed Crazy Yiuf
 10548 | D:8      | Received a gift from Okawaru
 10713 | D:8      | Found a sand-covered staircase.
 10729 | Ossuary  | Entered an ossuary
 11197 | D:8      | Noticed Gastronok
 11376 | D:8      | Slain by an orc warrior

Illustrated notes

Levels and vault maps discovered:
D:1:      tarquinn_simple_flora_water_b, layout_basic
D:2:      layout_loops_ring, lemuel_round_altar, minmay_misc_feat_cross
D:3:      layout_loops_ring, chequers_temple_overflow_statue_of_worship
D:4:      layout_loops_ring, nicolae_ru_sacrificial_ziggurat, marbit_many_paths,
          uniq_ijyb, uniq_eustachio
D:5:      layout_gridville, lemuel_round_altar, temple_fountains, serial_shops,
          kennysheep_little_box
D:6:      layout_gridville, kiku_gazebo_pond_becter, basic_altar,
          gup_sewer_entry_glass, grunt_gozag_breadcrumbs
D:7:      layout_basic, serial_undead, serial_undead_a, serial_undead_c,
          serial_undead_c, serial_undead_e, uniq_harold, uniq_menkaure,
          uniq_crazy_yiuf_cottage, uniq_prince_ribbit1
D:8:      layout_rooms, enter_bailey_6, serial_shops, nicolae_shop_waterfront,
          nicolae_ossuary_entry_catacombs, uniq_gastronok
Temple:   nicolae_temple_great_sept

Skill      XL: |  1  2  3  4  5  6  7  8  9 10 |
---------------+-------------------------------+-----
Spellcasting   | 5 6 7 |  7.3
Invocations    | 1 2 3 4 5 |  5.7
Short Blades   | 1 2 3 4 5 |  5.2
Long Blades    | 1 2 3 4 5 |  5.2
Axes           | 1 2 3 4 5 |  5.2
Polearms       | 1 2 3 4 5 |  5.2
Staves         | 1 2 3 4 5 |  5.2
Slings         | 1 2 3 4 5 |  5.2
Bows           | 1 2 3 4 5 |  5.2
Crossbows      | 1 2 3 4 5 |  5.2
Dodging        | 1 2 3 4 5 |  5.2
Stealth        | 1 2 3 4 5 |  5.2
Unarmed Combat | 1 2 3 4 5 |  5.2
Evocations     | 1 2 3 4 5 |  5.2
Conjurations   | 1 2 3 4 |  4.3
Hexes          | 1 2 3 4 |  4.3
Summonings     | 1 2 3 4 |  4.3
Necromancy     | 1 2 3 4 |  4.3
Translocations | 1 2 3 4 |  4.3
Transmutations | 1 2 3 4 |  4.3
Fire Magic     | 1 2 3 4 |  4.3
Ice Magic      | 1 2 3 4 |  4.3
Air Magic      | 1 2 3 4 |  4.3
Earth Magic    | 1 2 3 4 |  4.3
Fighting       | 3 4 5 |  5.9
Maces & Flails | 3 4 5 |  5.9
Throwing       | 3 4 5 |  5.9
Armour         | 3 4 5 |  5.9
Shields        | 3 4 5 |  5.9
Poison Magic   | 6 7 |  7.0

Action                   |  1- 3 |  4- 6 |  7- 9 | 10-12 || total
-------------------------+-------+-------+-------+-------++-------
Melee: Dagger            |     4 |       |       |       ||     4
       Mace              |    18 |    45 |    24 |       ||    87
       Bite              |       |     5 |    31 |    42 ||    78
       Flail             |       |       |   253 |   318 ||   571
Throw: Stone             |       |     3 |     2 |       ||     5
       Throwing net      |       |       |     1 |       ||     1
 Cast: Sting             |    51 |    74 |   107 |     1 ||   233
       Poisonous Vapours |       |    14 |   114 |     4 ||   132
  Use: Scroll            |       |     6 |     4 |     4 ||    14
       Potion            |       |       |     1 |     1 ||     2
 Stab: Sleeping          |       |     2 |     1 |     2 ||     5
Armor: Robe              |     2 |     7 |     6 |       ||    15
       Leather armour    |       |       |    97 |    61 ||   158
Dodge: Dodged            |    16 |    35 |   238 |   152 ||   441
Block: Buckler           |     6 |    10 |    86 |    61 ||   163
